cohdb
Replays
Latest Replays
All Replays
Popular Replays
Top Player Replays
Match Explorer
How It Works
Community
CoH3 Stats
Reddit
Sign in to upload your games and track your stats! →
Sign in with Steam
Match 42143100
Unlisted
Match 42143100
Overview
Messages
Build Orders
End
Construct Weapon Support Center
Selects Special Operations Battlegroup
M1919 Machine Gun Team
M1919 Machine Gun Team
Engineer Squad
Bazooka Squad
Selects M29 Weasel with M1 Pack Howitzer
M29 Weasel with M1 Pack Howitzer
Air Support Center
Engineer Squad
Construct Tank Depot
Selects Raiding Flares
Grasshopper Recon Run
P-47 Dive Bomb
Selects SSF Commando Squad
SSF Commando Squad
SSF Commando Squad
Improved M9 Bazooka Rockets
Selects Assault Operation
Construct Medical Station
M4(105) Sherman Bulldozer
Generick
[82AD]Cannonfodderbob
Sieg oder Sibirien
Kvothe_88
「𝓞𝓓𝓢𝓣」剑钟仙
Valdai
卡卡
Sailor
0
0
Comments
sign in to comment!
No comments posted yet!